 Dungeon Crawl Stone Soup version 0.29.1-15-g9cfb28693d (webtiles) character file.

Game seed: 14573310696017874493

2592 booth the Destroyer (level 9, -16/65 HPs)
             Began as a Demonspawn Conjurer on Mar 10, 2023.
             Was a Follower of Vehumet.
             Demolished by a white ugly thing (29 damage)
             ... on level 7 of the Dungeon on Mar 11, 2023.
             The game lasted 01:03:41 (8414 turns).

booth the Destroyer (Demonspawn Conjurer)           Turns: 8414, Time: 01:03:41

Health: -16/65     AC:  7    Str:  7 (9)  XL:     9   Next: 33%
Magic:  17/17      EV: 13    Int: 16 (19) God:    Vehumet [*.....]
Gold:   63         SH:  0    Dex:  9 (12) Spells: 5/19 levels left

rFire   + + .      SeeInvis .   z - +2 quarterstaff (flame)
rCold   . . .      Faith    .   (shield currently unavailable)
rNeg    + + .      Spirit   .   a - +0 robe
rPois   .          Reflect  .   C - +2 helmet
rElec   +          Harm     .   h - +0 cloak
rCorr   .          Rampage  .   w - +0 pair of gloves
Will    .....                   (no boots)
Stlth   +++.......              (no amulet)
HPRegen 0.20/turn               j - ring "Iraih" {rElec rF++ rN+ Int-3}
MPRegen 0.15/turn               r - ring of positive energy

@: no status effects
A: powered by pain 2, demonic touch 1
a: Renounce Religion


You were on level 7 of the Dungeon.
You worshipped Vehumet.
Vehumet was aware of your devotion.
You visited 2 branches of the dungeon, and saw 8 of its levels.

You collected 348 gold pieces.
You spent 285 gold pieces at shops.

Inventory:

Hand Weapons
 b - a +0 hand axe
 e - a +2 dagger of draining
 k - a +0 dagger of venom
 q - a +0 mace
 z - a +2 quarterstaff of flaming (weapon)
Missiles
 f - 16 poisoned darts (quivered)
 u - 6 boomerangs
Armour
 a - a +0 robe (worn)
 h - a +0 cloak (worn)
 n - a +0 leather armour
 w - a +0 pair of gloves (worn)
 x - the +1 pair of gloves "Cezoan" {-Tele rCorr Dex+7}
   (You bought it in a shop on level 1 of the Dungeon)

   Dex:       It affects your dexterity (+7).
   -Tele:     It prevents most forms of teleportation.
   rCorr:     It protects you from acid and corrosion.
 B - a +1 ring mail of poison resistance
 C - a +2 helmet (worn)
Jewellery
 d - an amulet of faith
 j - the ring "Iraih" (left hand) {rElec rF++ rN+ Int-3}
   (You found it on level 2 of the Dungeon)

   [ring of positive energy]

   Int:       It affects your intelligence (-3).
   rF:        It greatly protects you from fire.
   rElec:     It insulates you from electricity.
   rN:        It protects you from negative energy.
 r - a ring of positive energy (right hand)
 G - a ring of willpower
 I - a ring of flight
Wands
 p - a wand of charming (5)
 s - a wand of iceblast (18)
 M - a wand of mindburst (3)
Scrolls
 g - a scroll of enchant weapon
 i - 2 scrolls of magic mapping
 l - a scroll of summoning
 o - 3 scrolls of teleportation
 y - a scroll of torment {unknown}
Potions
 c - 2 potions of berserk rage
 m - a potion of attraction
 t - a potion of brilliance
 v - a potion of resistance {unknown}
 A - 5 potions of curing
 E - 2 potions of invisibility
 F - a potion of heal wounds
 J - a potion of mutation {unknown}
 N - a potion of flight {unknown}


   Skills:
 - Level 4.1 Fighting
 - Level 0.3 Short Blades
 - Level 4.2 Axes
 + Level 0.3 Staves
 - Level 2.7 Armour
 + Level 4.5 Dodging
 + Level 5.0 Stealth
 + Level 5.5 Spellcasting
 * Level 9.2 Conjurations
 + Level 3.8 Hexes
 - Level 2.4 Translocations
 - Level 4.1 Invocations


You had 5 spell levels left.
You knew the following spells:

 Your Spells              Type           Power      Damage    Failure   Level
a - Magic Dart            Conj           100%       1d8       1%          1
b - Searing Ray           Conj           66%        2d6       1%          2
c - Apportation           Tloc           24%        N/A       5%          1
d - Dazzling Flash        Conj/Hex       50%        N/A       3%          3
e - Blink                 Tloc           24%        N/A       8%          2
f - Fulminant Prism       Conj/Hex       12%        3d9       10%         4
g - Foxfire               Conj/Fire      76%        2x1d7     2%          1

Your spell library contained the following spells:

 Spells                   Type           Power      Damage    Failure   Level
 Tukima's Dance           Hex            16%        N/A       9%          3
 Portal Projectile        Hex/Tloc       28%        N/A       12%         3
 Iskenderun's Mystic Bla  Conj/Tloc      23%        2d6       13%         4
 Necrotise                Necr           16%        1d4       14%         1
 Summon Small Mammal      Summ           16%        N/A       14%         1
 Lesser Beckoning         Tloc           12%        N/A       16%         3
 Sublimation of Blood     Necr           4%         N/A       22%         2
 Wereblood                Tmut           4%         N/A       22%         2
 Summon Lightning Spire   Summ/Air       4%         N/A       82%         4
 Manifold Assault         Tloc           12%        N/A       82%         5
 Blade Hands              Tmut           2%         N/A       99%         5
 Storm Form               Tmut/Air       2%         N/A       100%        7
 Summon Hydra             Summ           2%         N/A       100%        7
 Maxwell's Capacitive Co  Air            2%         ∞         100%        8


Dungeon Overview and Level Annotations

Branches:
Dungeon (7/15)             Temple (1/1) D:4

Altars:
Ashenzari
Cheibriados
Dithmenos
Fedhas
Gozag
Hepliaklqana
Kikubaaqudgha
Makhleb
Nemelex Xobeh
Okawaru
Qazlal
Ru
Sif Muna
Trog
Vehumet
Wu Jian
Xom
Yredelemnul

Shops:
D:1 [

Annotations:
D:3 1 transporter


Innate Abilities, Weirdness & Mutations

You sometimes gain power by taking damage.
Your touch may inflict minor irresistible damage on your foes.


Message History

The magic dart hits the white ugly thing but does no damage.
The white ugly thing is almost dead.
The white ugly thing barely misses you.
Casting: Magic Dart (safe; 1% risk of failure)
Confirm with . or Enter, or press ? or * to list all spells.
Aiming: Magic Dart (safe; 1% risk of failure)
Press: ? - help, Shift-Dir - straight line, f/p - white ugly thing
Aim: a white ugly thing (almost dead, 100% to hit)
The magic dart hits the white ugly thing but does no damage.
The white ugly thing is almost dead.
The white ugly thing completely misses you.
Casting: Magic Dart (safe; 1% risk of failure)
Confirm with . or Enter, or press ? or * to list all spells.
Aiming: Magic Dart (safe; 1% risk of failure)
Press: ? - help, Shift-Dir - straight line, f/p - white ugly thing
Aim: a white ugly thing (almost dead, 100% to hit)
The magic dart hits the white ugly thing.
The white ugly thing is almost dead.
The white ugly thing closely misses you.
Casting: Magic Dart (safe; 1% risk of failure)
Confirm with . or Enter, or press ? or * to list all spells.
You conjure some foxfire!
The white ugly thing claws you! The white ugly thing freezes you!
You barely miss the white ugly thing.
The white ugly thing is almost dead.
The foxfire hits the white ugly thing but does no damage.
The white ugly thing is almost dead.
The foxfire hits the white ugly thing.
The white ugly thing is almost dead.
The white ugly thing closely misses you.
The white ugly thing misses you.
Press: ? - help, v - describe, . - travel
Here: a white ugly thing (almost dead)
The floor.
A white ugly thing is nearby!
The white ugly thing claws you!
* * * LOW HITPOINT WARNING * * *
You focus on the pain.
You feel your power returning. The white ugly thing freezes you!!
You die...

..###..<#...#
.......#......#.#...#
....................#
................#...#
................#...#
................##..#
................##..#
..........)...§.###.#
.........<..u@§.# #.#
#..............## #.#
#......##.....##
##.##### #.#####
####### #......# #
#......# #......#
#......# #......#
#......#


You could see a white ugly thing.

Vanquished Creatures
  A yak (D:6)
  A steam dragon (D:6)
  An orc warrior (D:6)
  A black bear (D:5)
  2 ogres
  An ice beast (D:5)
  A sky beast (D:6)
  4 phantoms
  A gnoll sergeant (D:4)
  A bullfrog (D:5)
  A scorpion (D:5)
  A howler monkey (D:5)
  3 orc priests
  4 hounds
  A gnoll bouda (D:5)
  6 iguanas
  2 jellies (D:6)
  A scorpion zombie (D:4)
  7 orc wizards
  Terence (D:3)
  A hound zombie (D:4)
  7 gnolls
  7 adders
  A white imp (D:6)
  4 ufetubi
  3 adder zombies (D:4)
  3 adder skeletons (D:4)
  A worm (D:4)
  A dart slug (D:3)
  15 orcs
  5 ball pythons
  6 endoplasms
  5 giant cockroaches
  11 goblins
  4 hobgoblins
  3 jackals (D:1)
  7 kobolds
  5 quokkas
  5 bats
  3 frilled lizards (D:1)
  3 rats
141 creatures vanquished.

Vanquished Creatures (collateral kills)
  2 ogres (D:6)
2 creatures vanquished.

Vanquished Creatures (others)
  5 foxfires
  2 fulminant prisms
7 creatures vanquished.

Grand Total: 150 creatures vanquished

Notes
Turn   | Place    | Note
-------+----------+-------------------------------------------
     0 | D:1      | booth the Demonspawn Conjurer began the quest for the Orb.
     0 | D:1      | Reached XP level 1. HP: 13/13 MP: 3/3
   667 | D:1      | Gained mutation: You sometimes gain a little power by
                  | taking damage. [demonic ancestry]
   667 | D:1      | Reached XP level 2. HP: 19/19 MP: 1/5
   757 | D:1      | Found Laicsi's Antique Armour Shoppe.
  1134 | D:1      | Learned a level 2 spell: Searing Ray
  1136 | D:1      | Learned a level 1 spell: Apportation
  1419 | D:1      | Reached skill level 6 in Conjurations
  1419 | D:1      | Gained mutation: You sometimes gain power by taking damage.
                  | [demonic ancestry]
  1419 | D:1      | Reached XP level 3. HP: 28/28 MP: 6/8
  1421 | D:1      | Reached skill level 7 in Conjurations
  1421 | D:1      | Reached XP level 4. HP: 37/37 MP: 6/10
  1427 | D:1      | Learned a level 3 spell: Dazzling Flash
  1430 | D:1      | Learned a level 2 spell: Blink
  1795 | D:2      | Identified the ring "Iraih" {rElec rF++ rN+ Int-3}
  1924 | D:2      | Reached XP level 5. HP: 42/42 MP: 11/11
  2220 | D:3      | Found a faded altar of an unknown god.
  2660 | D:3      | Noticed Terence
  2948 | D:3      | Killed Terence
  2995 | D:3      | Found a sparkling altar of Nemelex Xobeh.
  2995 | D:3      | Found a transporter.
  3383 | D:4      | Noticed an ogre
  3388 | D:4      | Gained mutation: Your touch may inflict minor irresistible
                  | damage on your foes. [demonic ancestry]
  3388 | D:4      | Reached XP level 6. HP: 48/48 MP: 7/13
  3609 | D:4      | Reached skill level 8 in Conjurations
  3994 | D:4      | Reached XP level 7. HP: 53/54 MP: 14/14
  4458 | D:4      | Found a staircase to the Ecumenical Temple.
  4468 | Temple   | Entered the Ecumenical Temple
  4468 | Temple   | Found a transporter.
  4468 | Temple   | Found a transporter.
  4470 | Temple   | Found a transporter.
  4470 | Temple   | Found a transporter.
  4533 | Temple   | Learned a level 4 spell: Fulminant Prism
  4551 | Temple   | Became a worshipper of Vehumet
  4897 | D:4      | Reached skill level 5 in Spellcasting
  4922 | D:4      | Found a bloodstained altar of Trog.
  5092 | D:5      | Entered Level 5 of the Dungeon
  5235 | D:5      | Reached XP level 8. HP: 57/60 MP: 10/15
  7177 | D:6      | Reached * piety under Vehumet
  7177 | D:6      | Offered knowledge of Foxfire by Vehumet.
  7178 | D:6      | Reached XP level 9. HP: 65/65 MP: 12/17
  7378 | D:6      | Reached skill level 9 in Conjurations
  7407 | D:6      | Reached skill level 5 in Stealth
  7651 | D:6      | Learned a level 1 spell: Foxfire
  8006 | D:1      | Bought a pair of distressingly furry gloves for 285 gold
                  | pieces
  8006 | D:1      | Identified the +1 pair of gloves "Cezoan" {-Tele rCorr
                  | Dex+7} (You bought it in a shop on level 1 of the Dungeon)
  8384 | D:7      | Noticed a white ugly thing
  8414 | D:7      | Demolished by a white ugly thing

Illustrated notes

Levels and vault maps discovered:
D:1:      shiori_shiawase, layout_loops_ring, serial_shops, shop_fountains
D:2:      layout_basic
D:3:      layout_loops_ring, grunt_nemelex_the_gamble,
          hellmonk_ecumenical_altar_run_dry, kennysheep_cross_room,
          nrook_loot_triangle, st_stairs_8, uniq_terence
D:4:      minmay_thick_lines, layout_basic, lemuel_coloured_pillars_altar,
          minmay_temple_entry_enclosed_plants, serial_undead, serial_undead_a,
          serial_undead_f, serial_undead_e, serial_undead_a
D:5:      layout_loops_ring
D:6:      layout_gridville, minmay_joined_circles
D:7:      layout_rooms
Temple:   hellmonk_temple_divided_pantheon

Skill      XL: |  1  2  3  4  5  6  7  8  9 |
---------------+----------------------------+-----
Stealth        | 2 3 4 5 |  5.0
Dodging        | 2 3 4 |  4.5
Fighting       | 2 4 |  4.1
Axes           | 2 3 4 |  4.2
Spellcasting   | 3 4 5 |  5.5
Conjurations   | 6 7 8 9 |  9.2
Hexes          | 2 3 |  3.8
Translocations | 2 |  2.4
Armour         | 2 |  2.7
Invocations    | 4 |  4.1
Short Blades   | |  0.3
Staves         | |  0.3

Action                   |  1- 3 |  4- 6 |  7- 9 || total
-------------------------+-------+-------+-------++-------
Melee: Hand axe          |    13 |       |       ||    13
       Unarmed           |     3 |       |       ||     3
       Punch             |     1 |       |     1 ||     2
       Dagger            |    11 |    70 |    98 ||   179
       Touch             |       |     8 |    13 ||    21
       Quarterstaff      |       |       |    16 ||    16
Throw: Dart              |       |     6 |       ||     6
 Cast: Magic Dart        |    28 |    32 |    62 ||   122
       Searing Ray       |       |    12 |    36 ||    48
       Fulminant Prism   |       |       |     2 ||     2
       Foxfire           |       |       |     3 ||     3
  Use: Potion            |     3 |       |     4 ||     7
       Scroll            |     5 |     3 |     9 ||    17
 Stab: Sleeping          |     2 |     2 |     2 ||     6
       Distracted        |       |     1 |       ||     1
Armor: Robe              |     4 |    27 |    50 ||    81
Dodge: Dodged            |    23 |    47 |    81 ||   151
